 Dungeon Crawl Stone Soup version 0.17.1-2-g5865329 (webtiles) character file.

658 Lonerover the Cleaver (level 7, -7/64 HPs)
             Began as a Minotaur Fighter on Feb 2, 2016.
             Was a Believer of Cheibriados.
             Mangled by a yak (11 damage)
             ... on level 5 of the Dungeon.
             The game lasted 00:14:43 (3715 turns).

Lonerover the Cleaver (Minotaur Fighter)            Turns: 3715, Time: 00:14:43

Health: -7/64      AC:  6    Str: 27    XL:     7   Next: 30%
Magic:  6/6        EV:  7    Int: 10    God:    Cheibriados [**....]
Gold:   263        SH: 12    Dex: 19    Spells: 0 memorised, 6 levels left

rFire  . . .     SeeInvis .     a - +1 war axe
rCold  . . .     Clarity  .     b - +0 scale mail
rNeg   . . .     SustAt   .     c - +1 shield
rPois  .         Gourm    .     (helmet restricted)
rElec  .         Spirit   .     (no cloak)
rCorr  .         Warding  .     (no gloves)
rMut   .         Stasis   .     (no boots)
MR     .....                    (no amulet)
Stlth  ..........               (no ring)
                                h - +4 ring of dexterity

@: very slow, not resistant to hostile enchantments, extremely unstealthy
A: retaliatory headbutt, horns 2
a: Bend Time, Renounce Religion


You were on level 5 of the Dungeon.
You worshipped Cheibriados.
Cheibriados was pleased with you.
You were not hungry.

You visited 1 branch of the dungeon, and saw 5 of its levels.

You collected 263 gold pieces.

Inventory:

Hand Weapons
 a - a +1 war axe (weapon)
Armour
 b - a +0 scale mail (worn)
 c - a +1 shield (worn)
Rods
 j - a +0 rod of ignition (13/13)
   (You found it on level 3 of the Dungeon)
Jewellery
 h - a +4 ring of dexterity (left hand)
Wands
 n - a wand of paralysis (5)
Scrolls
 i - a scroll of magic mapping
 q - 2 scrolls of teleportation
Potions
 d - a potion of might
 l - a potion of flight
 o - a potion of berserk rage {unknown}
Books
 p - a Fen Folio

   Spells                             Type                      Level
   a - Corpse Rot                     Necromancy                   2
   b - Stone Arrow                    Conjuration/Earth            3
   c - Leda's Liquefaction            Hexes/Earth                  4
   d - Summon Forest                  Summoning/Translocation      5
   e - Hydra Form                     Transmutation                6
   f - Summon Hydra                   Summoning                    7
Comestibles
 e - a bread ration
 f - a meat ration
 g - 2 slices of pizza
 k - a royal jelly
 m - a beef jerky


   Skills:
 + Level 6.4 Fighting
 * Level 8.3 Axes
 - Level 3.6 Armour
 - Level 3.6 Shields


You had 6 spell levels left.
You didn't know any spells.

Dungeon Overview and Level Annotations

Branches:
Dungeon (5/15)             Temple (0/1) D:5

Altars:
Ashenzari
Cheibriados
Trog


Innate Abilities, Weirdness & Mutations

You reflexively headbutt those who attack you in melee.
You have a pair of horns on your head.


Message History

Your shield prevents you from hitting the yak.
You hit the yak.
The yak is lightly wounded.
You block the yak's attack. The yak gores you!
The yak snorts and paws the ground.
The yak barely misses you. The yak gores you! x2
* * * LOW HITPOINT WARNING * * *
You block the yak's attack. You block the yak's attack. x2
You slash the yak! You headbutt the yak, but do no damage.
The yak is moderately wounded.
You hit the yak but do no damage.
The yak is moderately wounded.
You block the yak's attack. The yak gores you!
* * * LOW HITPOINT WARNING * * *
The yak gores you.
* * * LOW HITPOINT WARNING * * *
The yak gores you!
You die...

...................).......(.....
...............##)####...#.#(....
...............##)# #...#.##...#
...............##(# #...#...)÷..
...............#### #...###.....
...............# #...###.....
...............# ##....#.....
...............##### ##..#.#.....
....... .......@.##.#...........
....... .....#.#Y.........#.###.
.. .......#Y##.........###. ..
..>......######......... ..
.........######.....##.. ..
...........##........... ..
..........†.........###. ..
............#.#......... ..
.....##......#....#...#


You could see 2 yaks.

Vanquished Creatures
  A yak (D:5)
  The ghost of kraktruk the Ruffian, an amateur DrMo (D:3)
  An ogre (D:5)
  A jelly (D:5)
  2 orc wizards
  4 worker ants
  3 gnolls (D:2)
  5 adders
  4 worms
  5 giant geckos
  13 orcs
  A giant cockroach (D:4)
  9 goblins
  7 hobgoblins
  7 jackals
  3 kobolds
  3 quokkas
  2 ball pythons
  A ball python zombie (D:5)
  10 bats
  A giant gecko skeleton (D:5)
  5 giant newts
  6 rats
95 creatures vanquished.

Notes
Turn   | Place    | Note
--------------------------------------------------------------
     0 | D:1      | Lonerover the Minotaur Fighter began the quest for the Orb.
     0 | D:1      | Reached XP level 1. HP: 19/19 MP: 0/0
   330 | D:1      | Reached XP level 2. HP: 27/27 MP: 1/1
   695 | D:2      | Reached skill level 4 in Fighting
   695 | D:2      | Reached XP level 3. HP: 26/33 MP: 2/2
   938 | D:2      | Found a bloodstained altar of Trog.
  1360 | D:3      | Noticed kraktruk's ghost (amateur DrMo)
  1363 | D:3      | Reached XP level 4. HP: 33/41 MP: 3/3
  1576 | D:3      | Killed kraktruk's ghost
  1576 | D:3      | Reached skill level 5 in Fighting
  1576 | D:3      | Reached skill level 5 in Axes
  1576 | D:3      | Reached XP level 5. HP: 28/48 MP: 4/4
  1811 | D:3      | Found a shattered altar of Ashenzari.
  1837 | D:3      | Found a snail-covered altar of Cheibriados.
  1850 | D:3      | Became a worshipper of Cheibriados the Contemplative
  1920 | D:3      | Reached skill level 6 in Axes
  2144 | D:3      | Reached * piety under Cheibriados
  2660 | D:4      | Reached XP level 6. HP: 50/56 MP: 5/5
  3211 | D:5      | Entered Level 5 of the Dungeon
  3233 | D:5      | Reached ** piety under Cheibriados
  3280 | D:5      | Reached skill level 7 in Axes
  3312 | D:5      | Noticed a troll
  3573 | D:5      | Found a staircase to the Ecumenical Temple.
  3594 | D:5      | Reached XP level 7. HP: 57/63 MP: 6/6
  3700 | D:5      | Noticed a yak
  3706 | D:5      | Killed a yak
  3706 | D:5      | Reached skill level 8 in Axes
  3707 | D:5      | Noticed a yak
  3707 | D:5      | Noticed a yak
  3708 | D:5      | Noticed a yak
  3715 | D:5      | Mangled by a yak

Action                   |  1- 3 |  4- 6 |  7- 9 || total
-------------------------+-------+-------+-------++-------
Melee: War axe           |    83 |   141 |     6 ||   230
  Use: Scroll            |     3 |     3 |       ||     6
       Potion            |     1 |     5 |       ||     6
  Eat: Chunk             |     1 |     1 |       ||     2
       Bread ration      |       |     1 |       ||     1
